 Dungeon Crawl Stone Soup version 0.32-a0-994-gabb26cbae4 (webtiles) character file.

Game seed: 11393132455422429606

1824 Ijustatesigmund the Firebug (level 8, 0/69 HPs)
             Began as a Mountain Dwarf Fire Elementalist on Apr 22, 2024.
             Slain by a cyan ugly thing (9 damage)
             ... on level 7 of the Dungeon.
             The game lasted 00:14:30 (10361 turns).

Ijustatesigmund the Firebug (MDFE)                 Turns: 10361, Time: 00:14:30

Health: 0/69       AC:  6    Str: 10    XL:     8   Next: 86%
Magic:  5/15       EV: 10    Int: 19    God:
Gold:   406        SH:  0    Dex: 10    Spells: 9/16 levels left

rFire   + . .        e - +0 hand axe
rCold   x . .        (no shield)
rNeg    . . .        a - +1 robe of Omission {Will+ Regen+}
rPois   .            o - +1 helmet
rElec   .            w - +0 cloak
rCorr   .            (no gloves)
SInv    .            (no boots)
Will    +....        d - amulet of the acrobat
Stlth   ++           l - ring of fire
HPRegen 1.11/turn    C - ring of wizardry
MPRegen 0.14/turn

%: acrobat, wizardry (x1)
@: no status effects
A: runic magic, artefact enchanting
a: no special abilities


You were on level 7 of the Dungeon.
You visited 1 branch of the dungeon, and saw 7 of its levels.
You also visited: Ossuary.

You collected 406 gold pieces.

Inventory:

Hand Weapons
 e - a +0 hand axe (weapon)
Armour
 a - the +1 robe of Omission (worn) {Will+ Regen+}
   (You found it on level 4 of the Dungeon)

   Will+:     It increases your willpower.
   Regen+:    It increases your rate of health regeneration.
 h - a +2 robe of resistance
 o - a +1 helmet (worn)
 w - a +0 cloak (worn)
Jewellery
 c - a ring of positive energy
 d - an amulet of the acrobat (around neck)
 i - a ring of see invisible
 l - a ring of fire (left hand)
 n - a ring of protection from cold
 r - an amulet of magic regeneration
 t - a ring of positive energy
 C - a ring of wizardry (right hand)
Wands
 u - a wand of roots (7)
 y - a wand of mindburst (16)
Scrolls
 g - a scroll of revelation
 j - 7 scrolls of identify
 p - a scroll of fog
 v - a scroll of torment
 D - a scroll of vulnerability
 E - a scroll of immolation
 F - a scroll of blinking
Potions
 f - 4 potions of attraction
 k - a potion of heal wounds
 m - a potion of mutation
 q - 3 potions of curing
 s - a potion of might
 z - a potion of lignification
 A - a potion of berserk rage
 B - a potion of ambrosia
 G - a potion of enlightenment {unknown}


   Skills:
 + Level 5.6 Fighting
 + Level 5.6 Axes
 - Level 2.4 Armour
 - Level 1.3 Dodging
 - Level 1.4 Stealth
 + Level 4.7 Spellcasting
 + Level 3.9 Conjurations
 + Level 7.1 Fire Magic


You had 9 spell levels left.
You knew the following spells:

 Your Spells              Type           Power      Damage    Failure   Level
a - Foxfire               Conj/Fire      100%       2x1d9     1%          1
b - Scorch                Fire           94%        2d8       1%          2
c - Flame Wave            Conj/Fire      38%        2d10      5%          4

Your spell library contained the following spells:

 Spells                   Type           Power      Damage    Failure   Level
 Inner Flame              Hex/Fire       27%        N/A       3%          3
 Volatile Blastmotes      Fire/Tloc      54%        2d14      3%          3
 Animate Dead             Necr           4%         N/A       43%         4
 Haunt                    Necr/Summ      2%         N/A       100%        7
 Infestation              Necr           2%         N/A       100%        8


Dungeon Overview and Level Annotations

Branches:
Dungeon (7/15)            Ossuary (visited)
 Temple: D:4-7

Altars:
Ru
Trog

Shops:
D:5 [


Innate Abilities, Weirdness & Mutations

Your spellcasting is much less encumbered by armour.
You can use scrolls of enchantment on lesser artefacts.


Message History

The white imp hits you but does no damage.
You hit the white imp.
The white imp is almost dead.
The white imp hits you but does no damage.
Magic courses through your body. The cyan ugly thing tentacle-slaps you!
The cyan ugly thing shocks you!
The white imp hits you but does no damage.
Casting: Flame Wave (dangerous; 5% risk of failure)
Confirm with . or Enter, or press ? or * to list all spells.
Casting: Flame Wave (dangerous; 5% risk of failure)
Press: ? - help, Dir - look around, f - activate You feel a surge of power!
A wave of flame ripples out!
The flame wave engulfs the white imp!
The white imp is burned terribly!
You kill the white imp!
The flame wave engulfs the cyan ugly thing!
The cyan ugly thing is moderately wounded. (Press . to intensify the flame waves.)
You hear a bark!
The cyan ugly thing tentacle-slaps you. The cyan ugly thing shocks you!
* * * LOW HITPOINT WARNING * * *
A wave of flame ripples out!
The flame wave engulfs the cyan ugly thing!!
The cyan ugly thing is heavily wounded.
The cyan ugly thing barely misses you.
A wave of flame ripples out!
The flame wave engulfs the cyan ugly thing.
The cyan ugly thing is severely wounded.
You finish channelling waves of flame.
The cyan ugly thing completely misses you.
Casting: Flame Wave (dangerous; 5% risk of failure)
Confirm with . or Enter, or press ? or * to list all spells.
Casting: Flame Wave (dangerous; 5% risk of failure)
Press: ? - help, Dir - look around, f - activate You feel a surge of power!
A wave of flame ripples out!
The flame wave engulfs the cyan ugly thing!
The cyan ugly thing is almost dead. (Press . to intensify the flame waves.)
You hear a bark!
The cyan ugly thing tentacle-slaps you!
You die...

.#........... ......
..)......#.#.####..#..
.....................
...##...........#..# #
...##...#####...#..#.##
.......................
..###.....#.........#
#. ###.....###'###..#
## ###..##..#@.#
#.......##..#.#u.#
####+####..#...#..#
#..#..#. #..# #.#..#.#
#.# +#..#.$ #'. #.#. #.
#.. #.. . ..


You could see a cyan ugly thing.

Vanquished Creatures
  Duvessa (D:5)
  An ice beast (D:7)
  A centaur (D:5)
  A phantom (D:4)
  A bullfrog (D:7)
  2 scorpions (Ossuary)
  Dowan (D:5)
  2 killer bees (D:7)
  A howler monkey (D:7)
  3 bombardier beetles
  3 hounds
  An orc priest (D:6)
  6 jellies
  2 sleepcaps
  A gnoll bouda (D:6)
  2 iguanas (D:5)
  2 orc wizards
  Ijyb (D:5)
  6 scorpion zombies (Ossuary)
  4 mummies
  Robin (D:5)
  4 gnolls (D:6)
  A river rat (D:3)
  5 adders
  2 shadow imps (D:5)
  A white imp (D:7)
  4 ufetubi (D:6)
  5 adder zombies (Ossuary)
  4 dart slugs
  10 orcs
  6 endoplasms
  4 giant cockroaches
  2 gnoll zombies (Ossuary)
  7 goblins
  9 hobgoblins
  5 jackals
  6 kobolds
  9 quokkas
  7 ball pythons
  2 bats
  3 frilled lizards
  2 hobgoblin zombies (D:6)
  2 jackal zombies (Ossuary)
  2 kobold zombies (Ossuary)
  5 rats
150 creatures vanquished.

Vanquished Creatures (others)
  325 foxfires
325 creatures vanquished.

Grand Total: 475 creatures vanquished

Notes
Turn   | Place    | Note
-------+----------+-------------------------------------------
     0 | D:1      | Ijustatesigmund the Mountain Dwarf Fire Elementalist began
                  | the quest for the Orb.
     0 | D:1      | Reached XP level 1. HP: 14/14 MP: 3/3
   558 | D:1      | Reached skill level 1 in Fighting
   558 | D:1      | Reached XP level 2. HP: 23/23 MP: 1/5
   561 | D:1      | Learned a level 2 spell: Scorch
   751 | D:1      | Reached skill level 4 in Fire Magic
  1537 | D:2      | Reached XP level 3. HP: 28/28 MP: 2/6
  2346 | D:3      | Reached skill level 1 in Armour
  2346 | D:3      | Reached XP level 4. HP: 20/36 MP: 7/7
  2430 | D:3      | Reached skill level 1 in Axes
  2626 | D:3      | Found a bloodstained altar of Trog.
  2799 | D:3      | Found a sacrificial altar of Ru.
  3300 | D:3      | Reached XP level 5. HP: 31/42 MP: 4/8
  4096 | D:4      | Identified the +1 robe of Omission {Will+ Regen+}
  4345 | D:4      | Reached skill level 5 in Fire Magic
  4345 | D:4      | Reached XP level 6. HP: 42/50 MP: 7/10
  4355 | D:4      | Learned a level 4 spell: Flame Wave
  4590 | D:4      | Reached skill level 1 in Conjurations
  5210 | D:5      | Entered Level 5 of the Dungeon
  5435 | D:5      | Reached XP level 7. HP: 57/57 MP: 6/12
  5580 | D:5      | Noticed Duvessa
  5580 | D:5      | Noticed Dowan
  5594 | D:5      | Killed Duvessa
  5597 | D:5      | Killed Dowan
  5705 | D:5      | Noticed Ijyb
  5726 | D:5      | Killed Ijyb
  5731 | D:5      | Noticed Robin
  5748 | D:5      | Killed Robin
  6241 | D:5      | Found Gairghe's Armour Shop.
  6460 | D:5      | Reached skill level 6 in Fire Magic
  7315 | D:6      | Found a sand-covered staircase.
  7327 | Ossuary  | Entered an ossuary
  7344 | Ossuary  | Reached XP level 8. HP: 45/67 MP: 1/14
  9242 | D:6      | Identified the +1 helmet "Tuxtit" {rC++}
  9298 | D:6      | Reached skill level 5 in Fighting
  9442 | D:6      | Reached skill level 5 in Axes
 10346 | D:7      | Reached skill level 7 in Fire Magic
 10349 | D:7      | Noticed a cyan ugly thing
 10361 | D:7      | Slain by a cyan ugly thing

Illustrated notes

Levels and vault maps discovered:
D:1:      minmay_arrival_split_and_join, layout_loops_ring
D:2:      layout_basic, wad_orctagon
D:3:      layout_basic, mainiacjoe_overflow_surrounded_room,
          nicolae_ru_great_annihilating_truth, portal_sewer_entry_b
D:4:      layout_gridville
D:5:      layout_basic, serial_shops, nicolae_shop_peninsula,
          nicolae_goblin_pals, uniq_duvessa
D:6:      layout_gridville, nicolae_ossuary_entry_giza, hangedman_decor_opposing
D:7:      minmay_the_grid_octo_tiled_octocenter [minmay_the_grid_octo_chip,
          minmay_the_grid_octo_checkerflower,
          minmay_the_grid_octo_tetromino_candy,
          minmay_the_grid_octo_thin_diamonds,
          minmay_the_grid_octo_prize_ultimate_mussel_roller,
          minmay_the_grid_square_5x5_detours,
          minmay_the_grid_square_5x5_sharp_hourglass,
          minmay_the_grid_square_5x5_minivault, minmay_the_grid_square_5x5_tie],
          layout_basic, nicolae_temple_entry_ecumenical,
          nicolae_clarity_for_sale

Skill      XL: |  1  2  3  4  5  6  7  8 |
---------------+-------------------------+-----
Spellcasting   | 2 3 4 |  4.7
Fighting       | 1 2 3 4 5 |  5.6
Fire Magic     | 4 5 6 7 |  7.1
Armour         | 1 2 |  2.4
Axes           | 1 2 3 4 5 |  5.6
Conjurations   | 1 2 3 |  3.9
Dodging        | |  1.3
Stealth        | |  1.4

Action                     |  1- 3 |  4- 6 |  7- 9 || total
---------------------------+-------+-------+-------++-------
  Melee: Dagger            |    39 |       |       ||    39
         Hand axe          |    15 |    57 |   101 ||   173
   Cast: Foxfire           |    46 |    62 |    80 ||   188
         Scorch            |     5 |    10 |    56 ||    71
         Flame Wave        |       |       |     8 ||     8
  Evoke: Wand              |       |       |     2 ||     2
    Use: Scroll            |     8 |     3 |    10 ||    21
         Potion            |       |       |     5 ||     5
 Armour: Robe              |     4 |    22 |   163 ||   189
         Leather armour    |    43 |    51 |       ||    94
  Dodge: Dodged            |    56 |    76 |   164 ||   296

Table legend: (Time is in decaauts)
 A = Elapsed time spent in this place.
 B = Non-inter-level travel time spent in this place.
 C = Inter-level travel time spent in this place.
 D = Time resting spent in this place.
 E = Time spent auto-exploring this place.
 F = Levels seen in this place.
 G = Mean time per level.
                   A        B        C        D        E       F      G
               +--------+--------+--------+--------+--------+-----+--------+
         Total |  10383 |  10105 |    278 |   3174 |   5619 |   8 | 1297.9 |
       Dungeon |   8578 |   8300 |    278 |   1669 |   5506 |   7 | 1225.4 |
       Ossuary |   1805 |   1805 |      0 |   1505 |    113 |   1 | 1805.0 |
               +--------+--------+--------+--------+--------+-----+--------+

Top non-repeatable levels by time:
     D:5: 2049 daAuts
 Ossuary: 1805 daAuts
     D:4: 1476 daAuts
     D:3: 1368 daAuts
     D:1: 1307 daAuts
     D:6: 1162 daAuts
     D:2: 1073 daAuts
     D:7: 140 daAuts
